Map: Dusk Towers

Players

LilDicky - Winner!

  • Race: Terran Terran
  • League: Diamond

Zincoontrin

  • Race: Zerg Zerg
  • League: Platinum

VOD

http://www.twitch.tv/tumescentpie

Description

Time

  • Played on: Nov. 26, 2015, 10:19 p.m.
  • Length: 13:34
Show
View Real Time Build Order
Export as new Build Order

LilDicky Terran - Winner!

Build Orders: Reaper Expand 

Get SALT Encoding   

  12  0:03  SCV  
  13  0:15  SCV  
  13  0:19  Supply Depot  
  14  0:27  SCV  
  15  0:33  Refinery  
  15  0:41  SCV  
  16  0:47  Barracks  
  16  0:53  SCV  
  17  1:09  SCV  
  18  1:24  SCV  
  19  1:36  Reaper  
  19  1:37  Orbital Command  
  20  1:47  Command Center  
  20  1:55  Refinery  
  20  2:02  Supply Depot  
  20  2:09  Reaper  
  20  2:13  SCV  
  22  2:25  SCV  
  22  2:27  Factory  
  23  2:37  SCV  
  24  2:53  SCV  
  24  2:55  Marine  
  26  3:13  Marine  
  26  3:14  Factory Tech Lab  
  26  3:16  SCV  
  26  3:17  Starport  
  26  3:19  Orbital Command  
  28  3:23  Refinery  
  28  3:28  SCV  
  29  3:35  Siege Tank  
  29  3:40  SCV  
  33  3:46  SCV  
  32  3:51  Marine  
  32  3:52  SCV  
  32  3:54  Medivac  
  36  3:59  SCV  
  37  4:05  SCV  
  37  4:07  Siege Tank  
  41  4:11  SCV  
  41  4:13  Supply Depot  
  41  4:16  Marine  
  41  4:17  SCV, Liberator  
  44  4:23  SCV  
  45  4:34  Marine  
  49  4:39  Siege Tank  
  49  4:40  Supply Depot  
  52  4:47  Command Center  
  52  4:48  SCV  
  52  4:50  SCV  
  54  5:01  Marine  
  55  5:12  SCV x2  
  54  6:02  SCV  
  55  6:04  Starport Tech Lab  
  55  6:05  Siege Tank  
  55  6:06  Orbital Command  
  58  6:12  Barracks  
  58  6:13  Barracks  
  58  6:14  Barracks  
  58  6:16  Barracks  
  58  6:17  SCV x2  
  60  6:19  Barracks x2  
  60  6:20  Barracks  
  60  6:29  SCV  
  58  6:37  Siege Tank  
  61  6:40  Banshee, Cloaking Field  
  64  6:51  Orbital Command  
  64  6:53  Marine  
  65  6:55  SCV x2  
  67  7:02  Marine x2  
  67  7:05  Barracks Tech Lab  
  67  7:07  SCV x2, Bunker  
  67  7:08  Barracks Tech Lab  
  71  7:09  Marine x2  
  71  7:10  Marine  
  71  7:11  Siege Tank  
  77  7:42  Marine x2  
  77  7:43  Marine x3  
  77  7:44  SCV x2  
  72  7:56  SCV x2  
  70  8:00  Marine  
  70  8:03  SCV  
  70  8:04  Marine x3  
  70  8:05  Marine  
  72  8:07  Combat Shields, Stimpack  
  72  8:08  SCV  
  72  8:09  SCV  
  73  8:15  SCV, Siege Tank  
  73  8:16  Starport Reactor  
  77  8:21  Supply Depot  
  77  8:34  Supply Depot  
  77  8:35  Supply Depot x2  
  77  8:42  SCV x3, Marine x5  
  77  8:46  Supply Depot  
  85  8:56  SCV x2, Medivac x2, Marine x2  
  85  8:57  SCV, Barracks, Barracks Reactor  
  85  9:00  Marine x4  
  98  9:03  Marine  
  98  9:04  Supply Depot x2  
  98  9:05  Supply Depot, Siege Tank  
  98  9:06  Supply Depot  
  98  9:08  SCV x2  
  98  9:09  SCV  
  105  9:11  Refinery  
  105  9:13  Supply Depot, Marine x2  
  107  9:18  Engineering Bay, Marine  
  107  9:20  SCV x2, Engineering Bay  
  107  9:21  SCV  
  107  9:22  Marauder  
  113  9:24  Marine  
  113  9:26  Medivac x2  
  113  9:27  Command Center, Marine  
  113  9:29  Barracks Reactor  
  119  9:32  SCV x2, Concussive Shells, Marauder  
  119  9:33  SCV  
  119  9:34  Marine x3  
  119  9:35  Marine  
  128  9:43  Marauder  
  128  9:44  Supply Depot, SCV x2  
  128  9:45  SCV  
  133  9:57  Command Center  
  133  10:13  Supply Depot  
  133  10:14  Supply Depot, Marine  
  133  10:15  Barracks Reactor x2, Barracks Tech Lab, Marauder x2  
  133  10:17  Marine  
  139  10:23  Supply Depot x2  
  139  10:24  Terran Infantry Weapons Level 1, Terran Infantry Armor Level 1  
  139  10:25  Armory  
  139  10:27  Missile Turret  
  139  10:30  Missile Turret x2  
  139  10:31  Missile Turret  
  139  10:33  Missile Turret, Marine x2  
  139  10:34  Missile Turret, Marine  
  139  10:35  Marauder  
  143  10:36  Marauder x2  
  143  10:39  Missile Turret  
  143  10:40  Missile Turret  
  142  10:49  Marine x2  
  139  10:51  Missile Turret  
  139  10:53  Missile Turret  
  139  10:54  Missile Turret  
  139  10:56  Marauder  
  137  10:57  Missile Turret x2  
  137  10:58  Missile Turret x2  
  137  11:00  Missile Turret x2, Marine x2  
  137  11:01  Marauder x2  
  130  11:17  Marauder  
  128  11:20  Marine  
  128  11:21  Marine x8  
  128  11:22  Marine x2  
  132  11:25  Medivac  
  132  11:38  Marine x3  
  134  11:42  Marine x2  
  134  11:43  Marauder x2  
  134  11:57  Marauder  
  130  12:10  Marine  
  130  12:11  Marine x4  
  134  12:18  Marine  
  134  12:19  Marine x6  
  134  12:20  SCV x3  
  134  12:22  Orbital Command  
  144  12:28  Missile Turret, Marine x3  
  144  12:29  Missile Turret x2  
  146  12:37  Marauder x3  
  152  12:48  Marine x2  
  154  12:55  Marine  
  154  12:56  Marine  
  140  13:10  Marine x4  
  140  13:11  Marine x6  
Show
View Real Time Build Order
Export as new Build Order

Zincoontrin Zerg 

Build Orders: Hatch First, Muta Ling Bane 

Get SALT Encoding   

  12  0:01  Drone  
  13  0:12  Overlord  
  13  0:17  Drone  
  14  0:30  Drone  
  14  0:31  Drone  
  14  0:34  Drone  
  17  0:45  Drone  
  18  1:00  Hatchery  
  17  1:09  Spawning Pool  
  16  1:12  Drone  
  16  1:17  Extractor  
  16  1:18  Drone  
  17  1:21  Drone  
  18  1:28  Drone  
  19  1:41  Drone  
  20  1:49  Overlord  
  20  1:57  Queen  
  22  2:07  Zergling x2  
  23  2:12  Zergling x2  
  23  2:13  Queen  
  26  2:18  Metabolic Boost  
  25  2:44  Queen  
  25  2:49  Zergling x4, Queen  
  30  3:06  Zergling x4  
  31  3:13  Zergling x2  
  31  3:14  Zergling x2  
  33  3:27  Hatchery  
  31  3:36  Zergling x4  
  31  3:37  Overlord x2  
  33  3:44  Drone x3  
  36  4:04  Drone x5  
  36  4:05  Drone x2  
  43  4:12  Evolution Chamber  
  42  4:22  Baneling Nest, Overlord  
  41  4:28  Drone x5  
  46  4:37  Drone x5  
  51  4:42  Lair  
  51  4:43  Drone  
  51  4:44  Drone  
  53  4:47  Extractor  
  53  4:52  Drone x3  
  54  5:03  Zergling x10  
  59  5:11  Zergling x4  
  59  5:25  Burrow  
  59  5:31  Drone, Zergling x2  
  59  5:32  Drone x4  
  59  5:33  Overlord  
  63  5:48  Spore Crawler  
  62  5:51  Queen x2  
  62  5:54  Drone x3  
  62  5:55  Spore Crawler, Drone x5  
  70  6:11  Zergling x8  
  71  6:12  Overlord x2  
  71  6:13  Spine Crawler  
  70  6:27  Queen x2  
  72  6:36  Drone x2  
  72  6:37  Drone x8  
  82  6:40  Centrifical Hooks  
  82  6:48  Spire  
  81  7:04  Extractor  
  81  7:05  Extractor, Zergling x16  
  87  7:11  Hatchery  
  86  7:17  Zergling x6  
  89  7:29  Overlord x4  
  89  7:42  Zergling x14  
  90  7:44  Zergling x4  
  87  7:54  Overseer  
  83  7:59  Zergling x12  
  89  8:10  Queen x3  
  95  8:15  Extractor  
  95  8:17  Extractor  
  93  8:24  Zergling x2  
  93  8:25  Zergling x20  
  104  8:37  Hatchery  
  102  8:59  Mutalisk  
  102  9:00  Mutalisk x8  
  102  9:02  Overlord x4  
  120  9:03  Overlord x4  
  119  9:26  Spore Crawler, Zerg Melee Weapons Level 1  
  118  9:31  Infestation Pit  
  118  9:34  Zerg Flyer Armor Level 1  
  117  10:03  Drone x4  
  117  10:04  Drone x2  
  117  10:06  Mutalisk x4  
  131  10:22  Drone x5  
  131  10:23  Drone x5  
  131  10:25  Overlord  
  131  10:27  Hive  
  131  10:28  Pathogen Glands  
  97  11:25  Zergling x44  
  100  11:26  Zergling x26  
  86  11:56  Baneling x4  
  86  11:57  Baneling  
  61  12:07  Zergling x2  
  61  12:08  Zergling x34  
  53  12:28  Baneling x5  
  53  12:29  Baneling x10  
  43  12:33  Zergling x2  
  43  12:34  Zergling x8  
  45  12:48  Zergling x2  
  45  12:49  Zergling x6  
  41  12:58  Zergling x2  
  41  12:59  Zergling x6  
  41  13:03  Zergling x2  
Tags
 
Add a new tag
Caveats
  • Supply blocks, unpowered buildings, or Contaminate may cause inaccurate times.
  • Supply counts are checked every 10 seconds.